 Dungeon Crawl Stone Soup version 0.27.1-3-gb3d3a73c9e (webtiles) character file.

Game seed: 6838563771565895804

59 CuBeRJAN3 the Skirmisher (level 4, -3/29 HPs)
             Began as a Gargoyle Fighter on Oct 7, 2021.
             Slain by an ice beast (9 damage)
             ... on level 3 of the Dungeon.
             The game lasted 00:07:17 (2106 turns).

CuBeRJAN3 the Skirmisher (Gargoyle Fighter)         Turns: 2106, Time: 00:07:17

Health: -3/29      AC: 11    Str: 20    XL:     4   Next: 3%
Magic:  4/4        EV:  7    Int:  9    God:
Gold:   41         SH:  9    Dex:  9    Spells: 3/3 levels left

rFire    . . .     SeeInvis .   a - +0 war axe
rCold    . . .     Faith    .   c - +0 kite shield
rNeg     + . .     Spirit   .   b - +0 scale mail
rPois    ∞         Reflect  .   j - +0 helmet
rElec    +         Harm     .   h - scarf {repulsion}
rCorr    .         Rampage  .   (no gloves)
Will     .....                  (no boots)
Stlth    ..........             (no amulet)
HPRegen  0.09/turn              (no ring)
MPRegen  0.09/turn              (no ring)

@: repel missiles
A: sickness immunity, AC +3, negative energy resistance 1, electricity
resistance, torment resistance 1, petrification resistance
a: no special abilities


You were on level 3 of the Dungeon.
You visited 1 branch of the dungeon, and saw 3 of its levels.

You collected 41 gold pieces.

Inventory:

Hand Weapons
 a - a +0 war axe (weapon)
Missiles
 i - a throwing net (quivered)
Armour
 b - a +0 scale mail (worn)
 c - a +0 kite shield (worn)
 h - a scarf of repulsion (worn)
 j - a +0 helmet (worn)
Wands
 o - a wand of acid (7)
Scrolls
 e - 3 scrolls of identify {unknown}
 f - 2 scrolls of teleportation {unknown}
 g - a scroll of fog {unknown}
 k - a scroll of vulnerability {unknown}
 l - a scroll of immolation {unknown}
Potions
 d - a potion of might
 m - 2 potions of heal wounds {unknown}
 n - a potion of curing {unknown}


   Skills:
 * Level 4.0 Fighting
 * Level 2.6 Axes
 + Level 3.6 Armour
 + Level 3.6 Shields


You had 3 spell levels left.
You didn't know any spells.
Your spell library contained the following spells:

 Spells                   Type           Power      Damage    Failure   Level
 Stone Arrow              Conj/Erth      0%         3d7       100%        3
 Bolt of Magma            Conj/Fire/Erth 0%         4d4       100%        5
 Shatter                  Erth           0%         3d5*      100%        9


Dungeon Overview and Level Annotations

Branches:
Dungeon (3/15)

Altars:
Vehumet

Annotations:
D:2 Sigmund
D:3 Terence


Innate Abilities, Weirdness & Mutations

You are immune to sickness and miasma.
Your stone body is resilient. (AC +3)
You are immune to poison.
You resist negative energy. (rN+)
You are resistant to electric shocks. (rElec)
You are resistant to unholy torment.
You are immune to petrification.


Message History

The ice beast hits you but does no damage. x2
You closely miss the ice beast.
The ice beast is moderately wounded.
You block the ice beast's attack.
You completely miss the ice beast.
The ice beast is moderately wounded.
You block the ice beast's attack.
The ice beast hits you but does no damage.
You closely miss the ice beast.
The ice beast is moderately wounded.
The ice beast hits you but does no damage.
The frilled lizard unfolds its giant frill.
Your shield prevents you from hitting the ice beast.
The ice beast is moderately wounded.
The ice beast barely misses you.
The ice beast hits you but does no damage.
You closely miss the ice beast.
The ice beast is moderately wounded.
The ice beast barely misses you.
The ice beast hits you but does no damage.
You closely miss the ice beast.
The ice beast is moderately wounded.
You block the ice beast's attack.
Press: ? - help, v - describe, . - travel
Here: an ice beast (moderately wounded)
The floor.
You hit the ice beast.
The ice beast is heavily wounded.
The ice beast barely misses you. x2
You hit the ice beast but do no damage.
The ice beast is heavily wounded.
The ice beast hits you but does no damage.
The ice beast hits you. The ice beast freezes you!
* * * LOW HITPOINT WARNING * * *
The kobold throws a stone.
You block the stone.
There is a stone staircase leading up here.
The ice beast hits you.
* * * LOW HITPOINT WARNING * * *
The ice beast freezes you!
You die...

#...###### #......>.#
#.(.####.#
##.#####.#############
#........K..K.......#
#.####..#####.#####.
#.# #..# #.#
####.####..# #Y#
..l..K..K..# #@#
...........# #.#
###...###...# #.#
......# #.........
###..............#
########.#..#### ..#.#
###.#


You could see an ice beast and a kobold.

Vanquished Creatures
  A worm (D:2)
  3 dart slugs
  7 bats
  2 endoplasms
  2 giant cockroaches
  6 hobgoblins
  4 kobolds
  4 quokkas
  2 ball pythons (D:2)
  5 frilled lizards
  4 goblins
  6 rats
46 creatures vanquished.

Vanquished Creatures (others)
  An adder (D:2)
1 creature vanquished.

Grand Total: 47 creatures vanquished

Notes
Turn   | Place    | Note
-------+----------+-------------------------------------------
     0 | D:1      | CuBeRJAN3 the Gargoyle Fighter began the quest for the Orb.
     0 | D:1      | Reached XP level 1. HP: 14/14 MP: 1/1
    91 | D:1      | Reached XP level 2. HP: 13/19 MP: 2/2
   663 | D:1      | Reached XP level 3. HP: 24/24 MP: 3/3
  1152 | D:2      | Noticed Sigmund
  1317 | D:2      | Found a faded altar of an unknown god.
  1510 | D:2      | Reached skill level 4 in Fighting
  1846 | D:3      | Found a radiant altar of Vehumet.
  1867 | D:3      | Noticed Terence
  1872 | D:3      | Reached XP level 4. HP: 17/29 MP: 4/4
  2053 | D:3      | Noticed an ice beast
  2106 | D:3      | Slain by an ice beast

Illustrated notes

Levels and vault maps discovered:
D:1:      lordsloth_arrival_two_stooges, layout_rooms
D:2:      layout_rooms, ebering_ecumenical_altar_sacrificial,
          lemuel_flame_loot_1, uniq_sigmund
D:3:      layout_loops_ring, lemuel_tele_altar,
          mainiacjoe_overflow_tiny_flanked, serial_shops,
          nicolae_shop_statue_plus, corner_web_ring, wad_rectangle_vault,
          uniq_terence

Skill      XL: |  1  2  3 |
---------------+----------+-----
Axes           | 2 |  2.6
Fighting       | 4 |  4.0
Armour         | |  3.6
Shields        | |  3.6

Action                   |  1- 3 |  4- 6 || total
-------------------------+-------+-------++-------
Melee: War axe           |   147 |    17 ||   164
Armor: Scale mail        |    87 |    13 ||   100
Dodge: Dodged            |    69 |     7 ||    76
       Repelled          |     3 |       ||     3
Block: Kite shield       |    98 |     6 ||   104
